 Dungeon Crawl Stone Soup version 0.18.1-6-gd335043 (webtiles) character file.

97 Zhenya25pyc the Skirmisher (level 4, -8/29 HPs)
             Began as a Gargoyle Fighter on May 15, 2016.
             Killed by divine providence
             ... invoked by an orc priest
              (11 damage)
             ... on level 3 of the Dungeon.
             The game lasted 00:02:16 (1341 turns).

Zhenya25pyc the Skirmisher (Gargoyle Fighter)       Turns: 1341, Time: 00:02:17

Health: -8/29      AC: 11    Str: 21    XL:     4   Next: 68%
Magic:  4/4        EV:  7    Int:  8    God:
Gold:   123        SH:  9    Dex:  9    Spells: 0 memorised, 3 levels left

rFire  + . .     SeeInvis .     a - +0 flail
rCold  x . .     Gourm    .     b - +0 scale mail
rNeg   + . .     Faith    .     c - +0 shield
rPois  ∞         Spirit   .     (no helmet)
rElec  +         Dismiss  .     r - +0 cloak
rCorr  .         Reflect  .     (no gloves)
SustAt .         Harm     .     (no boots)
MR     .....                    (no amulet)
Stlth  ..........               (no ring)
                                l - ring of fire

@: not resistant to hostile enchantments, extremely unstealthy
A: negative energy resistance 1, electricity resistance, unbreathing,
petrification resistance, rot immunity, AC +3
a: no special abilities


You were on level 3 of the Dungeon.
You were not hungry.

You visited 1 branch of the dungeon, and saw 3 of its levels.

You collected 123 gold pieces.

Inventory:

Hand Weapons
 a - a +0 flail (weapon)
Armour
 b - a +0 scale mail (worn)
 c - a +0 shield (worn)
 r - a +0 cloak (worn)
Jewellery
 l - a ring of fire (left hand)
Scrolls
 i - a scroll of random uselessness {unknown}
 k - a scroll of blinking {unknown}
 o - a scroll of enchant armour {unknown}
 p - a scroll of identify {unknown}
Potions
 d - a potion of might
 e - 2 potions of curing {unknown}
 g - a potion of lignification {unknown}
 h - a potion of brilliance {unknown}
 j - a potion of beneficial mutation {unknown}
 m - a potion of heal wounds {unknown}
Comestibles
 f - 2 bread rations
 n - 3 fruits


   Skills:
 + Level 4.0 Fighting
 * Level 3.8 Maces & Flails
 + Level 3.8 Armour
 - Level 3.2 Shields


You had 3 spell levels left.
You didn't know any spells.

Dungeon Overview and Level Annotations

Branches:
Dungeon (3/15)

Altars:


Innate Abilities, Weirdness & Mutations

You are resistant to torment.
Your stone body is resilient (AC +3).
You are immune to poison.
You resist negative energy.
You are resistant to electric shocks.
You can survive without breathing.
You are immune to petrification.
You are immune to rotting.


Message History

* * * LOW HITPOINT WARNING * * *
You block the orc's attack.
You are too injured to fight recklessly!
You are too injured to fight recklessly!
You are too injured to fight recklessly!
You are too injured to fight recklessly!
You are too injured to fight recklessly!
Unknown command.
You are too injured to fight recklessly!
You are too injured to fight recklessly!
You are too injured to fight recklessly!
You hit the orc.
The orc is moderately wounded.
The orc hits you but does no damage.
You hit the orc.
The orc is severely wounded.
The orc hits you but does no damage.
The orc priest mumbles some strange prayers to Beogh against you.
Beogh smites you!
You die...

# #o ## o## .. .. ##
#.#.##.###########
#.oo. .....#.....#
#..o.###.#.#.....#
#..rKo@..........#
......o###.#.#.....#
#.....# #.##.#.....#
...... ... ..###.###
###.# ######## #.#
#.# #. #.# #.# # #.#
##.##### #+## #.#
.... ..# #...## #.#


You could see 2 orc priests, 3 orcs, a kobold and a rat.

Vanquished Creatures
  A giant frog zombie (D:3)
  3 worms
  3 dart slugs (D:2)
  2 giant geckos
  2 ball pythons (D:1)
  8 goblins
  8 hobgoblins
  2 jackals (D:1)
  5 bats
  A giant newt (D:2)
  3 kobolds
  7 rats
45 creatures vanquished.

Notes
Turn   | Place    | Note
--------------------------------------------------------------
     0 | D:1      | Zhenya25pyc the Gargoyle Fighter began the quest for the Orb.
     0 | D:1      | Reached XP level 1. HP: 14/14 MP: 1/1
   141 | D:1      | Reached XP level 2. HP: 19/19 MP: 2/2
   638 | D:2      | Reached XP level 3. HP: 15/23 MP: 3/3
  1231 | D:3      | Reached XP level 4. HP: 29/29 MP: 4/4
  1337 | D:3      | Reached skill level 4 in Fighting
  1341 | D:3      | Killed from afar by an orc priest

Skill      XL: |  1  2  3  4 |
---------------+-------------+-----
Maces & Flails | 3 |  3.8
Fighting       | 4 |  4.0
Armour         | |  3.8
Shields        | |  3.2

Action                   |  1- 3 |  4- 6 || total
-------------------------+-------+-------++-------
Melee: Flail             |   144 |    27 ||   171
  Eat: Chunk             |     1 |     1 ||     2
Armor: Scale mail        |    80 |    13 ||    93
Dodge: Dodged            |    50 |     4 ||    54
Block: Shield            |    82 |    16 ||    98
